 Dungeon Crawl Stone Soup version 0.30-b1-2-g02819fbbbe (webtiles) character file.

Game seed: 2009041439911909733

255 BiteMe the Magician (level 5, 0/35 HPs)
             Began as a Demonspawn Fire Elementalist on May 2, 2023.
             Slain by Crazy Yiuf
             ... wielding a +3 quarterstaff of chaos
              (3 damage)
             ... while petrified by Crazy Yiuf
             ... on level 2 of the Dungeon on May 3, 2023.
             The game lasted 00:33:34 (4790 turns).

BiteMe the Magician (Demonspawn Fire Elementalist)  Turns: 4790, Time: 00:33:35

Health: 0/35       AC:  4    Str:  8    XL:     5   Next: 91%
Magic:  5/10       EV:  2    Int: 18    God:
Gold:   101        SH:  0    Dex: 14    Spells: 8/11 levels left

rFire   . . .        j - staff of conjuration
rCold   . . .        (no shield)
rNeg    + + +        a - +1 robe
rPois   ∞            (no helmet)
rElec   .            (no cloak)
rCorr   .            y - +0 pair of gloves
SInv    .            (no boots)
Will    .....        (no amulet)
Stlth   ++           (no ring)
HPRegen 0.25/turn    (no ring)
MPRegen 0.12/turn

%: no passive effects
@: mighty, agile, petrified
A: foul stench 1, demonic touch 2
a: no special abilities


You were on level 2 of the Dungeon.
You visited 1 branch of the dungeon, and saw 3 of its levels.

You collected 101 gold pieces.

Inventory:

Hand Weapons
 c - a +0 dagger
 e - a +0 spear
 g - a +0 short sword
 k - a +2 sling of freezing
 n - a +0 dagger
 r - a +0 short sword
 v - a +2 antimagic sling
 w - a +0 hand axe
Missiles
 o - 18 stones
Armour
 a - a +1 robe (worn)
 y - a +0 pair of gloves (worn)
Magical Staves
 j - a staff of conjuration (weapon)
Scrolls
 d - a scroll of magic mapping {unknown}
 h - a scroll of enchant armour
 i - a scroll of amnesia
 l - a scroll of identify {unknown}
 m - a scroll of blinking
 p - a scroll of vulnerability {unknown}
 t - a scroll of acquirement {unknown}
 u - a scroll of fear {unknown}
 z - a scroll of teleportation {unknown}
 B - a scroll of brand weapon {unknown}
Potions
 b - a potion of magic
 f - a potion of haste {unknown}
 q - 3 potions of curing
 s - a potion of ambrosia {unknown}
 x - 2 potions of lignification {unknown}
 A - a potion of brilliance {unknown}


   Skills:
 + Level 0.2 Fighting
 + Level 2.1 Dodging
 - Level 1.7 Stealth
 * Level 3.7 Spellcasting
 * Level 3.0 Conjurations
 + Level 3.6 Fire Magic
 * Level 1.5 Evocations


You had 8 spell levels left.
You knew the following spells:

 Your Spells              Type           Power      Damage    Failure   Level
a - Foxfire               Conj/Fire      92%        2x1d8     3%          1
b - Scorch                Fire           32%        2d6       4%          2

Your spell library contained the following spells:

 Spells                   Type           Power      Damage    Failure   Level
 Freeze                   Ice            12%        1d3       16%         1
 Blink                    Tloc           6%         N/A       22%         2
 Inner Flame              Hex/Fire       10%        N/A       22%         3
 Volatile Blastmotes      Fire/Tloc      20%        2d11      22%         3
 Hailstorm                Conj/Ice       13%        3d5       24%         3
 Flame Wave               Conj/Fire      23%        2d8       36%         4
 Frozen Ramparts          Ice            6%         1d1       41%         3
 Summon Ice Beast         Ice/Summ       3%         N/A       83%         4
 Disjunction              Tloc           1%         N/A       100%        8


Dungeon Overview and Level Annotations

Branches:
Dungeon (3/15)

Altars:
Wu Jian

Annotations:
D:2 Crazy Yiuf


Innate Abilities, Weirdness & Mutations

You may rarely emit foul miasma when damaged in melee.
Your touch may inflict irresistible damage on your foes.


Message History

Confirm with . or Enter, or press ? or * to list all spells.
Flames lash Crazy Yiuf.
Crazy Yiuf is burned terribly!
Crazy Yiuf is heavily wounded.
Crazy Yiuf screams, "Snower hand meccalolo!"
Crazy Yiuf hits you with a +3 quarterstaff of chaos.
You are confused.
You're too confused to cast spells.
You bump into the stone wall.
Crazy Yiuf hits you with a +3 quarterstaff of chaos.
You are slowing down.
You're too confused to cast spells.
You bump into the tree.
Crazy Yiuf hits you with a +3 quarterstaff of chaos!
Your limbs are stiffening.
You bump into the stone wall.
You feel less confused.
Crazy Yiuf whimpers, "Buddy hand bag!"
Crazy Yiuf hits you with a +3 quarterstaff of chaos.
You are electrocuted!
Crazy Yiuf barely misses you.
You have turned to stone.
Crazy Yiuf screams, "Whiteboard poople testudinal!"
Crazy Yiuf hits you with a +3 quarterstaff of chaos.
You feel very mighty all of a sudden.
Your magical contamination has completely faded away.
Crazy Yiuf whimpers, "Ghoul!"
Crazy Yiuf hits you with a +3 quarterstaff of chaos.
* * * LOW HITPOINT WARNING * * *
Crazy Yiuf hits you with a +3 quarterstaff of chaos.
* * * LOW HITPOINT WARNING * * *
Crazy Yiuf freezes you.
Crazy Yiuf is no longer more vulnerable to fire.
Crazy Yiuf hits you with a +3 quarterstaff of chaos!
* * * LOW HITPOINT WARNING * * *
Crazy Yiuf burns you.
Crazy Yiuf whimpers, "Whiteboard!
Scoff fast broken."
Crazy Yiuf hits you with a +3 quarterstaff of chaos!
* * * LOW HITPOINT WARNING * * *
You feel agile all of a sudden.
Crazy Yiuf grits, "Rifle water snockshim!"
Crazy Yiuf hits you with a +3 quarterstaff of chaos!
You die...

#####.#.#### #.....#
####### ........#
###.### # #####.#.##
#.# # #.....# ### ##
#.#...# ####. #.....#
♣♣♣♣♣## #.... ##.#.##
### ♣♣♣.♣...#####....
#.#.#
#...#♣..♣.P....[...._.
#.#.#
#...g@♣♣♣♣......##....
#####..# #)..#♣♣
♣♣..#.###.... ......##
### ♣♣##........
.....## ####.....
###.## ####.##.# ##.##
##### #### #.......#
####..###...### #..#
####.....
.......#...#..# #..#
#..#.#
####........#.####
#..# #..#.#


You could see Crazy Yiuf.

Vanquished Creatures
  A scorpion (D:3)
  Natasha (thrice) (D:2)
  5 adders
  A dart slug (D:1)
  4 orcs (D:3)
  7 bats
  2 endoplasms
  2 giant cockroaches
  7 goblins
  7 hobgoblins
  8 jackals
  2 quokkas
  6 ball pythons
  5 frilled lizards
  3 kobolds
  5 rats
68 creatures vanquished.

Vanquished Creatures (others)
  167 foxfires
  A fungus (D:2)
168 creatures vanquished.

Grand Total: 236 creatures vanquished

Notes
Turn   | Place    | Note
-------+----------+-------------------------------------------
     0 | D:1      | BiteMe the Demonspawn Fire Elementalist began the quest for
                  | the Orb.
     0 | D:1      | Reached XP level 1. HP: 13/13 MP: 3/3
   844 | D:1      | Gained mutation: Your touch may inflict minor irresistible
                  | damage on your foes. [demonic ancestry]
   844 | D:1      | Reached XP level 2. HP: 18/19 MP: 1/5
  1117 | D:2      | Learned a level 2 spell: Scorch
  1668 | D:1      | Found a faded altar of an unknown god.
  1875 | D:1      | Gained mutation: Your touch may inflict irresistible damage
                  | on your foes. [demonic ancestry]
  1875 | D:1      | Reached XP level 3. HP: 24/24 MP: 0/6
  2815 | D:2      | Noticed Natasha
  2825 | D:2      | Killed Natasha
  2826 | D:2      | Reached skill level 1 in Evocations
  2826 | D:2      | Gained mutation: You may rarely emit foul miasma when
                  | damaged in melee. [demonic ancestry]
  2826 | D:2      | Reached XP level 4. HP: 27/30 MP: 3/8
  3055 | D:2      | Found an ornate altar of the Wu Jian Council.
  3162 | D:2      | Found a runed translucent door.
  3163 | D:2      | Noticed Crazy Yiuf
  3284 | D:2      | Noticed Natasha
  3291 | D:2      | Killed Natasha
  3521 | D:2      | Noticed Natasha
  3528 | D:2      | Killed Natasha
  3529 | D:2      | Reached XP level 5. HP: 35/35 MP: 5/9
  4007 | D:3      | Got the Enchiridion on Summoned Angles
  4790 | D:2      | Slain by Crazy Yiuf

Illustrated notes

Levels and vault maps discovered:
D:1:      zaba_arrival_water, layout_basic,
          hellmonk_ecumenical_altar_prayer_group
D:2:      layout_loops_ring, basic_altar, uniq_crazy_yiuf_cottage, uniq_natasha
D:3:      layout_rooms

Skill      XL: |  1  2  3  4  5 |
---------------+----------------+-----
Dodging        | 2 |  2.1
Fire Magic     | 3 |  3.6
Evocations     | 1 |  1.5
Conjurations   | 2 3 |  3.0
Spellcasting   | 3 |  3.7
Fighting       | |  0.2
Stealth        | |  1.7

Action                     |  1- 3 |  4- 6 || total
---------------------------+-------+-------++-------
  Melee: Spear             |     3 |       ||     3
         Staff             |    11 |     4 ||    15
         Touch             |     2 |     2 ||     4
   Cast: Foxfire           |    49 |    54 ||   103
         Scorch            |       |     2 ||     2
    Use: Scroll            |       |     3 ||     3
   Stab: Sleeping          |       |     1 ||     1
 Armour: Robe              |     3 |     3 ||     6
  Dodge: Dodged            |    13 |    14 ||    27
